ORI
UNIVERSITY OF GEORGIA BULLDOGS @ UNIVERSITY OF NEBRASKA CORNHUSKERS
09/25/2048
 
TOP OF THE 1ST
University of Georgia Bulldogs batting - Pitching for University of Nebraska Cornhuskers : RHP Adri Saarloos
Pitching: RHP Adri Saarloos
Batting: RHB Nate McCormick 0-0: Ball
1-0: Fly out, F8 (Flyball, 8LM, EV 98.1 MPH)
Batting: LHB Sloan Rayner 0-0: Called Strike
0-1: Swinging Strike
0-2: Strikes out looking
Batting: RHB Charlie Davison 0-0: Ball
1-0: Ball
2-0: Fly out, F2 (Popup, 5SF, EV 88.8 MPH)
Top of the 1st over - 0 runs, 0 hits, 0 errors, 0 left on base; University of Georgia 0 - University of Nebraska 0
BOTTOM OF THE 1ST
University of Nebraska Cornhuskers batting - Pitching for University of Georgia Bulldogs : RHP Justin Cain
Pitching: RHP Justin Cain
Batting: RHB Mario Lopec 0-0: Ball
1-0: Swinging Strike
1-1: Ball
2-1: Foul Ball, location: 2F
2-2: SINGLE (Line Drive, 7S, EV 100.0 MPH)
Batting: RHB Danny Forbes 0-0: Called Strike
Mario Lopec steals 2nd base
0-1: Ball
1-1: Ball
2-1: SINGLE (Line Drive, 89S, EV 111.9 MPH)
Mario Lopec to third
Runner from 3rd tries for Home, SAFE, throw by RF to home
Batting: RHB Zion Jones 0-0: Ball
1-0: Fly out, F8 (Line Drive, 8RD, EV 105.6 MPH)
Batting: LHB Jose Gonzalez 0-0: Called Strike
0-1: Called Strike
0-2: Ball
1-2: Fly out, F6 (Line Drive, 6M, EV 60.6 MPH)
Batting: LHB Bob Appleby 0-0: Swinging Strike
0-1: Ball
1-1: Fielders Choice at 2nd, 6-4 (Groundball, 6, EV 81.2 MPH)
Bottom of the 1st over - 1 run, 2 hits, 0 errors, 1 left on base; University of Georgia 0 - University of Nebraska 1
TOP OF THE 2ND
University of Georgia Bulldogs batting - Pitching for University of Nebraska Cornhuskers : RHP Adri Saarloos
Batting: RHB Murilo Cunha 0-0: Called Strike
0-1: Ball
1-1: Ground out 5-3 (Groundball, 5S, EV 83.8 MPH)
Batting: LHB Dennis Klein 0-0: Ball
1-0: Swinging Strike
1-1: SOLO HOME RUN (Flyball, 9LD, EV 98.1 MPH), Distance : 362 ft
Batting: LHB Luis Mejia 0-0: Ball
1-0: Called Strike
1-1: Ball
2-1: Ball
3-1: Foul Ball, location: 2F
3-2: Base on Balls
Batting: RHB Rich Gold 0-0: Foul Ball, location: 2F
0-1: Called Strike
0-2: Ball
1-2: Strikes out looking
Batting: RHB Javier Alcorta 0-0: Ball
Luis Mejia is caught stealing 2nd base 2-4
Top of the 2nd over - 1 run, 1 hit, 0 errors, 0 left on base; University of Georgia 1 - University of Nebraska 1
BOTTOM OF THE 2ND
University of Nebraska Cornhuskers batting - Pitching for University of Georgia Bulldogs : RHP Justin Cain
Batting: LHB Mike Rawson 0-0: Ground out 6-3 (Groundball, 6M, EV 99.4 MPH)
Batting: LHB Alfonso Escalante 0-0: Ball
1-0: Called Strike
1-1: Ball
2-1: SINGLE (Groundball, 6D, EV 110.0 MPH)
Batting: SHB Gary Luckwell 0-0: Ball
1-0: Called Strike
Alfonso Escalante steals 2nd, throwing error, E2
Alfonso Escalante to third
1-1: Ball
2-1: Ball
3-1: Called Strike
3-2: DOUBLE (Line Drive, 78D, EV 105.6 MPH)
Alfonso Escalante scores
Batting: SHB Phil Roper 0-0: Called Strike
Gary Luckwell is caught stealing 3rd base 2-5
0-1: Foul Ball, location: 2F
0-2: Ground out 5-3 (Groundball, 56, EV 78.8 MPH)
Bottom of the 2nd over - 1 run, 2 hits, 1 error, 0 left on base; University of Georgia 1 - University of Nebraska 2
TOP OF THE 3RD
University of Georgia Bulldogs batting - Pitching for University of Nebraska Cornhuskers : RHP Adri Saarloos
Batting: RHB Javier Alcorta 0-0: Ball
1-0: Ball
2-0: Foul Ball, location: 2F
2-1: Foul Ball, location: 2F
2-2: Ball
3-2: Ground out 4-3 (Groundball, 34, EV 91.2 MPH)
Batting: RHB James Warby 0-0: Ball
1-0: Ball
2-0: Reached on error, E5 (Groundball, 56, EV 90.6 MPH)
Batting: RHB Nate McCormick 0-0: Ball
1-0: Ball
2-0: Called Strike
2-1: Ball
3-1: Base on Balls
Batting: LHB Sloan Rayner 0-0: Ball
1-0: Fielders Choice at 2nd, 4-6 (Groundball, 4, EV 101.2 MPH)
James Warby to third
Batting: RHB Charlie Davison 0-0: Called Strike
0-1: Ball
1-1: Foul Ball, location: 2F
1-2: Ball
2-2: Foul Ball, location: 2F
2-2: Ball
3-2: Foul Ball, location: 2F
3-2: Foul Ball, location: 2F
3-2: Base on Balls
Sloan Rayner to second
Batting: RHB Murilo Cunha 0-0: Fly out, F8 (Line Drive, 8LD, EV 98.8 MPH)
Top of the 3rd over - 0 runs, 0 hits, 1 error, 3 left on base; University of Georgia 1 - University of Nebraska 2
BOTTOM OF THE 3RD
University of Nebraska Cornhuskers batting - Pitching for University of Georgia Bulldogs : RHP Justin Cain
Batting: RHB Mario Lopec 0-0: Ball
1-0: Called Strike
1-1: SINGLE (Groundball, 6MD, EV 100.6 MPH)
Batting: RHB Danny Forbes 0-0: Called Strike
Mario Lopec steals 2nd base
0-1: Ball
1-1: Ball
2-1: TRIPLE (Flyball, 9D, EV 92.5 MPH)
Mario Lopec scores
Batting: RHB Zion Jones 0-0: Foul Ball, location: 2F
0-1: Ground out 4-3 (Groundball, 4, EV 85.6 MPH)
Danny Forbes scores
Batting: LHB Jose Gonzalez 0-0: Ball
1-0: Called Strike
1-1: Foul Ball, location: 2F
1-2: Ground out 6-3 (Groundball, 6, EV 85.0 MPH)
Batting: LHB Bob Appleby 0-0: SOLO HOME RUN (Flyball, 9LD, EV 95.6 MPH), Distance : 377 ft
Batting: LHB Mike Rawson 0-0: Ball
1-0: Called Strike
1-1: Ball
2-1: Foul Ball, location: 2F
2-2: Ball
3-2: Foul Ball, location: 2F
3-2: Base on Balls
Pitching: RHP Tony Fox
Batting: LHB Alfonso Escalante 0-0: Called Strike
0-1: Ball
1-1: Ball
2-1: Ball
3-1: Foul Ball, location: 2F
3-2: Fly out, F8 (Line Drive, 8LM, EV 93.8 MPH)
Bottom of the 3rd over - 3 runs, 3 hits, 0 errors, 1 left on base; University of Georgia 1 - University of Nebraska 5
TOP OF THE 4TH
University of Georgia Bulldogs batting - Pitching for University of Nebraska Cornhuskers : RHP Adri Saarloos
Batting: LHB Dennis Klein 0-0: Ball
1-0: Called Strike
1-1: Ground out 5-3 (Groundball, 56, EV 81.9 MPH)
Batting: LHB Luis Mejia 0-0: Called Strike
0-1: Ball
1-1: Ball
2-1: Swinging Strike
2-2: Foul Ball, location: 2F
2-2: Strikes out swinging
Batting: RHB Rich Gold 0-0: Ball
1-0: Called Strike
1-1: Ball
2-1: Ground out 4-3 (Groundball, 4, EV 91.2 MPH)
Top of the 4th over - 0 runs, 0 hits, 0 errors, 0 left on base; University of Georgia 1 - University of Nebraska 5
BOTTOM OF THE 4TH
University of Nebraska Cornhuskers batting - Pitching for University of Georgia Bulldogs : RHP Tony Fox
Batting: SHB Gary Luckwell 0-0: Fly out, F7 (Flyball, 7, EV 98.1 MPH)
Batting: SHB Phil Roper 0-0: Ball
1-0: Ball
2-0: Swinging Strike
2-1: Ground out 4-3 (Groundball, 4S, EV 83.1 MPH)
Batting: RHB Mario Lopec 0-0: Foul Ball, location: 2F
0-1: Foul Ball, location: 2F
0-2: Ball
1-2: Ball
2-2: Foul Ball, location: 2F
2-2: Reached on error, E6 (Groundball, 6, EV 78.8 MPH)
Batting: RHB Danny Forbes 0-0: Ball
Mario Lopec steals 2nd base
1-0: Called Strike
1-1: Ground out 6-3 (Groundball, 6, EV 85.0 MPH)
Bottom of the 4th over - 0 runs, 0 hits, 1 error, 1 left on base; University of Georgia 1 - University of Nebraska 5
TOP OF THE 5TH
University of Georgia Bulldogs batting - Pitching for University of Nebraska Cornhuskers : RHP Adri Saarloos
Batting: RHB Javier Alcorta 0-0: Ball
1-0: Ball
2-0: SOLO HOME RUN (Flyball, 89XD, EV 101.2 MPH), Distance : 399 ft
Batting: RHB James Warby 0-0: Ball
1-0: Ball
2-0: Ball
3-0: Called Strike
3-1: Reached on error, E6 (Groundball, 6, EV 104.4 MPH)
Batting: RHB Nate McCormick 0-0: Foul Ball, location: 2F
0-1: Ball
1-1: Ball
James Warby steals 2nd, throwing error, E2
James Warby to third
2-1: Foul Ball, location: 2F
2-2: Foul Ball, location: 2F
2-2: Ground out 6-3 (Groundball, 4MS, EV 78.1 MPH)
James Warby scores
Pitching: RHP Antonino Charno
Batting: LHB Sloan Rayner 0-0: Ball
1-0: Ball
2-0: Called Strike
2-1: Fly out, F9 (Flyball, 9D, EV 104.4 MPH)
Batting: RHB Charlie Davison 0-0: Called Strike
0-1: Ball
1-1: SINGLE (Line Drive, 4MD, EV 96.2 MPH)
Batting: RHB Murilo Cunha 0-0: Ball
1-0: Called Strike
1-1: Ball
2-1: Foul Ball, location: 2F
2-2: Foul Ball, location: 2F
2-2: SINGLE (Flyball, 5D, EV 87.5 MPH)
Charlie Davison to second
Batting: LHB Dennis Klein 0-0: Foul Ball, location: 2F
0-1: Ball
1-1: Foul Ball, location: 2F
1-2: Fly out, F8 (Flyball, 8RM, EV 85.6 MPH)
Top of the 5th over - 2 runs, 3 hits, 2 errors, 2 left on base; University of Georgia 3 - University of Nebraska 5
BOTTOM OF THE 5TH
University of Nebraska Cornhuskers batting - Pitching for University of Georgia Bulldogs : RHP Tony Fox
Batting: RHB Zion Jones 0-0: Called Strike
0-1: Ball
1-1: Called Strike
1-2: Strikes out looking
Batting: LHB Jose Gonzalez 0-0: Ball
1-0: Foul Ball, location: 2F
1-1: Swinging Strike
1-2: Foul Ball, location: 2F
1-2: Strikes out swinging
Batting: LHB Bob Appleby 0-0: Ball
1-0: Called Strike
1-1: Ball
2-1: Ball
3-1: Base on Balls
Pitching: LHP Jon Lucas
Batting: LHB Mike Rawson 0-0: Ball
1-0: Foul Ball, location: 2F
1-1: Swinging Strike
1-2: Fly out, F9 (Line Drive, 9, EV 96.9 MPH)
Bottom of the 5th over - 0 runs, 0 hits, 0 errors, 1 left on base; University of Georgia 3 - University of Nebraska 5
TOP OF THE 6TH
University of Georgia Bulldogs batting - Pitching for University of Nebraska Cornhuskers : RHP Antonino Charno
Batting: LHB Luis Mejia 0-0: Hit by Pitch
Batting: LHB Andy Dyer 0-0: Called Strike
0-1: Ball
1-1: Called Strike
1-2: Ball
2-2: Strikes out swinging
Batting: RHB Javier Alcorta 0-0: DOUBLE (Line Drive, 78D, EV 107.5 MPH)
Luis Mejia to third
Pitching: RHP Charlie Lutz
Batting: RHB James Warby 0-0: Called Strike
0-1: Ball
1-1: Ball
2-1: Ball
3-1: Ground out 5-3 (Groundball, 15, EV 86.9 MPH)
Luis Mejia scores
Batting: RHB Nate McCormick 0-0: Ball
1-0: Fly out, F8 (Flyball, 78M, EV 88.1 MPH)
Top of the 6th over - 1 run, 1 hit, 0 errors, 1 left on base; University of Georgia 4 - University of Nebraska 5
BOTTOM OF THE 6TH
University of Nebraska Cornhuskers batting - Pitching for University of Georgia Bulldogs : LHP Jon Lucas
Batting: LHB Alfonso Escalante 0-0: Ball
1-0: TRIPLE (Flyball, 9D, EV 98.1 MPH)
Batting: SHB Gary Luckwell 0-0: Fly out, F5 (Line Drive, 56, EV 71.2 MPH)
Batting: SHB Phil Roper 0-0: SINGLE (Groundball, 4, EV 101.9 MPH)
Alfonso Escalante scores
Batting: RHB Mario Lopec 0-0: Foul Ball, location: 2F
0-1: Fly out, F9 (Flyball, 89M, EV 82.5 MPH)
Batting: RHB Danny Forbes 0-0: Swinging Strike
0-1: Fielders Choice at 2nd, 5-4 (Groundball, 56, EV 86.2 MPH)
Bottom of the 6th over - 1 run, 2 hits, 0 errors, 1 left on base; University of Georgia 4 - University of Nebraska 6
TOP OF THE 7TH
University of Georgia Bulldogs batting - Pitching for University of Nebraska Cornhuskers : RHP Charlie Lutz
Batting: LHB Sloan Rayner 0-0: Ball
1-0: Called Strike
1-1: SINGLE (Line Drive, 4MD, EV 103.1 MPH)
Batting: RHB Charlie Davison 0-0: Ball
Sloan Rayner is caught stealing 2nd base 2-4
1-0: Swinging Strike
1-1: Ball
2-1: SINGLE (Line Drive, 89M, EV 88.8 MPH)
Batting: RHB Murilo Cunha 0-0: Ball
1-0: Called Strike
1-1: Ball
2-1: Foul Ball, location: 2F
2-2: Strikes out looking
Batting: LHB Dennis Klein 0-0: Called Strike
0-1: Fly out, F4 (Popup, 34, EV 58.8 MPH)
Top of the 7th over - 0 runs, 2 hits, 0 errors, 1 left on base; University of Georgia 4 - University of Nebraska 6
BOTTOM OF THE 7TH
University of Nebraska Cornhuskers batting - Pitching for University of Georgia Bulldogs : LHP Jon Lucas
Pitching: LHP Vinny Segarra
Batting: RHB Zion Jones 0-0: Ball
1-0: Ball
2-0: Ball
3-0: Called Strike
3-1: Foul Ball, location: 2F
3-2: DOUBLE (Groundball, 3L, EV 101.9 MPH)
Batting: LHB Jose Gonzalez 0-0: Ball
1-0: Ball
Zion Jones steals 3rd base
2-0: Called Strike
2-1: Ground out 4-3 (Groundball, 4, EV 84.4 MPH)
Zion Jones scores
Batting: LHB Bob Appleby 0-0: Called Strike
0-1: SINGLE (Groundball, 3S, EV 68.1 MPH) (infield hit)
Batting: LHB Mike Rawson 0-0: Foul Ball, location: 2F
0-1: Ball
1-1: Ball
2-1: Ball
3-1: Fly out, F8 (Flyball, 8LS, EV 90.6 MPH)
Batting: LHB Alfonso Escalante 0-0: Called Strike
Bob Appleby is caught stealing 2nd base 2-6
Bottom of the 7th over - 1 run, 2 hits, 0 errors, 0 left on base; University of Georgia 4 - University of Nebraska 7
TOP OF THE 8TH
University of Georgia Bulldogs batting - Pitching for University of Nebraska Cornhuskers : RHP Charlie Lutz
Pitching: RHP Alejandro Echevarria
Batting: LHB Luis Mejia 0-0: Called Strike
0-1: Foul Ball, location: 2F
0-2: Strikes out swinging
Batting: LHB Andy Dyer 0-0: Foul Ball, location: 2F
0-1: Foul Ball, location: 2F
0-2: Ball
1-2: Ball
2-2: Ball
3-2: Ground out 3-1 (Groundball, 34S, EV 83.1 MPH)
Batting: RHB Javier Alcorta 0-0: Called Strike
0-1: Swinging Strike
0-2: Ball
1-2: Strikes out swinging
Top of the 8th over - 0 runs, 0 hits, 0 errors, 0 left on base; University of Georgia 4 - University of Nebraska 7
BOTTOM OF THE 8TH
University of Nebraska Cornhuskers batting - Pitching for University of Georgia Bulldogs : LHP Vinny Segarra
Batting: LHB Alfonso Escalante 0-0: Called Strike
0-1: Ball
1-1: Ball
2-1: Foul Ball, location: 2F
2-2: Foul Ball, location: 2F
2-2: Foul Ball, location: 2F
2-2: Foul Ball, location: 2F
2-2: Strikes out swinging
Batting: SHB Gary Luckwell 0-0: Swinging Strike
0-1: Ball
1-1: Called Strike
1-2: Ground out U3 (Groundball, 34S, EV 88.8 MPH)
Batting: SHB Phil Roper 0-0: Called Strike
0-1: Ball
1-1: Ball
2-1: Foul Ball, location: 2F
2-2: Foul Ball, location: 2F
2-2: Foul Ball, location: 2F
2-2: Foul Ball, location: 2F
2-2: Ball
3-2: Ground out 6-3 (Groundball, 6, EV 106.9 MPH)
Bottom of the 8th over - 0 runs, 0 hits, 0 errors, 0 left on base; University of Georgia 4 - University of Nebraska 7
TOP OF THE 9TH
University of Georgia Bulldogs batting - Pitching for University of Nebraska Cornhuskers : RHP Alejandro Echevarria
Pitching: RHP Jorge Morales
Pinch Hitting: LHB Casey Bass 0-0: Ball
1-0: Called Strike
1-1: Ground out 5-3 (Groundball, 5, EV 89.4 MPH)
Batting: RHB Nate McCormick 0-0: Ball
1-0: Called Strike
1-1: Ball
2-1: Ground out 4-3 (Groundball, 4, EV 81.9 MPH)
Batting: LHB Sloan Rayner 0-0: Foul Ball, location: 2F
0-1: Foul Ball, location: 2F
0-2: Strikes out swinging
Top of the 9th over - 0 runs, 0 hits, 0 errors, 0 left on base; University of Georgia 4 - University of Nebraska 7
Tuesday, March 28th , 2023 - OOTP Baseball 23.10 Build 110